 Dungeon Sprint DCSS version 0.30-a0-996-ga6910c8ee8 (webtiles) character file.

Game seed: 5171351193550767239

1022 DiggyJ the Grappler (level 8, -1/132 HPs)
             Began as a Troll Berserker on Apr 4, 2023.
             Was an Elder of Trog.
             Killed from afar by a lindwurm (21 damage)
             ... with a blast of flame
             ... summoned by Kirke
             ... in the Dungeon (Sprint II: "The Violet Keep of Menkaure").
             The game lasted 00:02:35 (261 turns).

DiggyJ the Grappler (Troll Berserker)                Turns: 261, Time: 00:02:35

Health: -1/132     AC:  6    Str: 28    XL:     8   Next: 2%
Magic:  7/7        EV: 12    Int:  3    God:    Trog [****..]
Gold:   216        SH:  0    Dex:  9    Spells: 7/7 levels left

rFire   + . .      SeeInvis .      - Unarmed
rCold   . . .      Faith    .    (no shield)
rNeg    . . .      Spirit   .    h - +2 robe {rF+}
rPois   +          Reflect  .    (helmet restricted)
rElec   .          Rampage  .    (no cloak)
rCorr   .          NoTele   +    (gloves unavailable)
Will    +....                    (boots unavailable) Stlth
                                 (no amulet)
HPRegen 1.22/turn                (no ring)
MPRegen 0.10/turn                (no ring)

@: berserking (expiring), very quick
A: large, unfitting armour, claws 3, regeneration 1, shaggy fur 1, tough skin 1,
antennae 1, strong-willed 1, poison resistance
a: Renounce Religion, Berserk, Trog's Hand, Brothers in Arms


You were in the Dungeon.
You worshipped Trog.
Trog was greatly pleased with you.
You visited 1 branch You collected 486 gold pieces.
You spent 270 gold pieces at shops.

Inventory:

Armour
 a - a +0 animal skin
 h - a +2 robe of fire resistance (worn)
Scrolls
 g - a scroll of blinking
Potions
 b - a potion of curing
 c - a potion of heal wounds
 d - 2 potions of haste
 e - 2 potions of magic
 f - a potion of berserk rage
 i - a potion of mutation (quivered)


   Skills:
 + Level 8.3 Fighting
 + Level 8.9 Dodging
 + Level 11.4 Unarmed Combat


You had 7 spell levels left.
You didn't know any spells.
Your spell library was empty.

Dungeon Overview and Level Annotations

Branches:
Dungeon (1/1)

Altars:

Shops:
D !::=!([?=[?*(!!

Annotations:
D exclusion: oklob plant, Kirke


Innate Abilities, Weirdness & Mutations

You are too large for most types of armour.
You have claws for hands.
Your natural rate of healing is unusually fast.
You are covered in fur. (AC +1)
You have tough skin. (AC +1)
You have a pair of small antennae on your head.
You are strong-willed. (Will+)
Your system is resistant to poisons. (rPois)


Message History

You scratch the yaktaur captain.
The yaktaur captain is lightly wounded.
The yaktaur captain hits you.
You mangle the yaktaur captain!!
The yaktaur captain is moderately wounded.
The yaktaur captain closely misses you.
You mangle the yaktaur captain!!
The yaktaur captain is severely wounded.
You barely miss the yaktaur captain.
The yaktaur captain is severely wounded.
Kirke mumbles some strange words.
Kirke summons a lindwurm!
The yaktaur captain hits you!!
You barely miss the yaktaur captain.
The yaktaur captain is severely wounded.
You barely miss the yaktaur captain.
The yaktaur captain is severely wounded.
Kirke gestures wildly while chanting.
Kirke flickers and vanishes!
Deactivating autopickup; reactivate with Ctrl-A.
The yaktaur captain hits you. The lindwurm breathes flames at you.
The blast of flame hits you!! You resist.
* * * LOW HITPOINT WARNING * * *
You scratch the yaktaur captain.
The yaktaur captain is severely wounded.
You hear some strange, mumbled words.
Something summons a lindwurm!
You mangle the yaktaur captain!!
The yaktaur captain is almost dead.
The yaktaur captain hits you!
* * * LOW HITPOINT WARNING * * *
The lindwurm closely misses you. x2; The lindwurm barely misses you.
You scratch the yaktaur captain.
The yaktaur captain is almost dead.
You claw the yaktaur captain!
You kill the yaktaur captain!
Trog accepts your kill. The lindwurm breathes flames at you.
The blast of flame hits you!! You resist.
You die...

### {{ #.kK#### #$Yz{)@##
≈ ############k~#+++#++
###########~~~.......
##∩.......#~~~~.##+##
##.∩......#~~~~##. .##
##∩.∩...∩.#~~~~#..#..#
##.∩.∩.∩.∩#~~####.).# ##
##..∩.∩.∩.#~##.###'# #.##
##...∩.∩..#~#...##.##†..#


You could see an elephant, a skeletal warrior, 2 lindwurms and a kobold
demonologist.

Vanquished Creatures
  A yaktaur captain (D)
  A merfolk siren (D)
  2 wyverns (D)
  Menkaure (D)
  4 necrophages (D)
  A scorpion (D)
  2 worms (D)
12 creatures vanquished.

Notes
Turn   | Place    | Note
-------+----------+-------------------------------------------
     0 | D        | DiggyJ the Troll Berserker began the quest for the Orb.
     0 | D        | Reached XP level 1. HP: 22/22 MP: 0/0
     1 | D        | Noticed a necrophage
     1 | D        | Noticed a necrophage
     1 | D        | Noticed a necrophage
     1 | D        | Noticed a necrophage
    10 | D        | Killed a necrophage
    11 | D        | Reached skill level 5 in Unarmed Combat
    11 | D        | Reached XP level 2. HP: 15/32 MP: 1/1
    11 | D        | Reached XP level 3. HP: 18/39 MP: 2/2
    15 | D        | Killed a necrophage
    16 | D        | Reached skill level 5 in Fighting
    16 | D        | Reached skill level 5 in Dodging
    16 | D        | Reached skill level 6 in Unarmed Combat
    16 | D        | Reached XP level 4. HP: 10/50 MP: 3/3
    18 | D        | Killed a necrophage
    18 | D        | Reached ** piety under Trog
    19 | D        | Reached skill level 7 in Unarmed Combat
    19 | D        | Reached XP level 5. HP: 11/59 MP: 4/4
    86 | D        | Noticed a merfolk siren
    90 | D        | Killed a merfolk siren
    90 | D        | Reached *** piety under Trog
    91 | D        | Reached skill level 9 in Unarmed Combat
    91 | D        | Reached XP level 6. HP: 65/71 MP: 5/5
    91 | D        | Reached XP level 7. HP: 71/78 MP: 6/6
    94 | D        | Noticed a wyvern
    94 | D        | Noticed a wyvern
    97 | D        | Killed a wyvern
    98 | D        | Reached skill level 10 in Unarmed Combat
    98 | D        | Killed a wyvern
    99 | D        | Reached skill level 11 in Unarmed Combat
   104 | D        | Noticed a flying skull
   104 | D        | Noticed a flying skull
   104 | D        | Noticed a flying skull
   104 | D        | Noticed a flying skull
   104 | D        | Noticed a flying skull
   104 | D        | Noticed a flying skull
   104 | D        | Noticed a flying skull
   104 | D        | Noticed a flying skull
   105 | D        | Noticed a flying skull
   106 | D        | Noticed a flying skull
   106 | D        | Noticed a flying skull
   106 | D        | Noticed a flying skull
   111 | D        | Found Neusiamo's Assorted Antiques.
   111 | D        | Found Waishrotu's Distillery.
   113 | D        | Found Puirur's Antique Armour Boutique.
   113 | D        | Found Ehuniyq's Magic Scroll Boutique.
   114 | D        | Found Xagemar's Jewellery Boutique.
   114 | D        | Found Kuulolor's Distillery.
   114 | D        | Found Pulaur's Magic Scroll Shop.
   118 | D        | Reached **** piety under Trog
   125 | D        | Found Gaveany's Antique Armour Shop.
   125 | D        | Found Woucapas's Antique Weapon Boutique.
   125 | D        | Found Tiat's Weapon Boutique.
   129 | D        | Noticed Menkaure
   129 | D        | Noticed a death yak
   136 | D        | Killed Menkaure
   137 | D        | Reached XP level 8. HP: 51/88 MP: 7/7
   143 | D        | Found Xoog's Distillery.
   143 | D        | Found Xynaderr's Jewellery Shop.
   143 | D        | Noticed an oklob plant
   144 | D        | Found Fuprewex's Book Shop.
   144 | D        | Found Emnuw's Book Shoppe.
   144 | D        | Found Nitaely's Distillery.
   161 | D        | Noticed a manticore
   166 | D        | Bought an embroidered robe for 70 gold pieces
   176 | D        | Noticed a manticore
   203 | D        | Bought a potion of mutation for 104 gold pieces
   221 | D        | Bought a potion of mutation for 96 gold pieces
   225 | D        | Gained mutation: Your system is resistant to poisons.
                  | (rPois) [potion of mutation]
   225 | D        | Gained mutation: You have a pair of small antennae on your
                  | head. [potion of mutation]
   225 | D        | Gained mutation: You are strong-willed. (Will+) [potion of
                  | mutation]
   247 | D        | Noticed a centaur warrior
   247 | D        | Noticed Kirke
   247 | D        | Noticed a yaktaur captain
   248 | D        | Noticed a skeletal warrior
   249 | D        | Noticed an elephant
   249 | D        | Noticed a kobold demonologist
   256 | D        | Noticed a lindwurm
   259 | D        | Noticed a lindwurm
   261 | D        | Killed a yaktaur captain
   261 | D        | Killed from afar by a lindwurm

Illustrated notes

Levels and vault maps discovered:
D:        the_violet_keep_of_menkaure [sprint2_stairs_cluster_1,
          sprint2_shoproom, sprint2_temple, sprint2_basic_supplies,
          sprint2_obstacle_1, sprint2_obstacle_6, sprint2_obstacle_7,
          sprint2_obstacle_3, sprint2_obstacle_2, sprint2_timed_cluster_1,
          sprint2_smallroom_cluster_1, sprint2_smallroom_final_cluster_1,
          sprint2_transparent_cluster_1, sprint2_second_timed_cluster_1,
          sprint2_sniper_area_1, sprint2_heavy_combat_area_1,
          sprint2_mutation_trap_area_1, sprint2_forest_area_1,
          sprint2_light_combat_area_1, sprint2_behind_water_1,
          sprint2_near_end_vault_1]

Skill      XL: |  1  2  3  4  5  6  7 |
---------------+----------------------+-----
Fighting       | 4 5 7 8 |  8.3
Dodging        | 4 5 7 8 |  8.9
Unarmed Combat | 5 6 7 9 11 | 11.4

Action                     |  1- 3 |  4- 6 |  7- 9 || total
---------------------------+-------+-------+-------++-------
  Melee: Unarmed           |    12 |    12 |    20 ||    44
         Punch             |       |     1 |       ||     1
 Invoke: Berserk           |     1 |       |     1 ||     2
    Use: Potion            |       |       |     1 ||     1
 Armour: Animal skin       |     1 |     3 |     1 ||     5
  Dodge: Dodged            |     4 |     4 |     6 ||    14

Table legend: (Time is in decaauts)
 A = Elapsed time spent in this place.
 B = Non-inter-level travel time spent in this place.
 C = Inter-level travel time spent in this place.
 D = Time resting spent in this place.
 E = Time spent auto-exploring this place.
 F = Levels seen in this place.
 G = Mean time per level.
                   A        B        C        D        E       F      G
               +--------+--------+--------+--------+--------+-----+--------+
         Total |    262 |    262 |      0 |     60 |      0 |   1 |  262.0 |
       Dungeon |    262 |    262 |      0 |     60 |      0 |   1 |  262.0 |
               +--------+--------+--------+--------+--------+-----+--------+

Top non-repeatable levels by time:
       D: 262 daAuts
